 Dungeon Crawl Stone Soup version 0.22.1-5-g62c59d9 (webtiles) character file.

1758 infcreate the Thaumaturge (level 8, -9/41 HPs)
             Began as a Deep Elf Conjurer on Jan 12, 2019.
             Was an Initiate of Vehumet.
             Mangled by Harold
             ... wielding a cursed -3 trident
              (16 damage)
             ... on level 7 of the Dungeon.
             The game lasted 00:40:29 (6989 turns).

infcreate the Thaumaturge (Deep Elf Conjurer)       Turns: 6989, Time: 00:40:29

Health: -9/41      AC:  8    Str:  5    XL:     8   Next: 79%
Magic:  7/24       EV:  7    Int: 23    God:    Vehumet [......]
Gold:   365        SH:  0    Dex: 15    Spells: 16/27 levels left

rFire    . . .     SeeInvis .   (no weapon)
rCold    . . .     Gourm    +   (no shield)
rNeg     . . .     Faith    .   a - +0 robe {MR+}
rPois    +         Spirit   .   f - +2 hat
rElec    .         Reflect  .   (no cloak)
rCorr    .         Harm     .   (no gloves)
MR       +....                  (no boots)
Stlth    +++.......             v - amulet of the gourmand
HPRegen  0.13/turn              r - +4 ring of protection
MPRegen  0.19/turn              h - ring of poison resistance

@: marked, held
A: no striking features
a: Renounce Religion


You were on level 7 of the Dungeon.
You worshipped Vehumet.
Vehumet was noncommittal.
You were not hungry.

You visited 2 branches of the dungeon, and saw 8 of its levels.

You collected 365 gold pieces.

Inventory:

Armour
 a - a +0 robe of magic resistance (worn)
 f - a +2 hat (worn)
Jewellery
 g - an uncursed ring of protection from cold
 h - a ring of poison resistance (right hand)
 k - an uncursed ring of ice
 r - a +4 ring of protection (left hand)
 v - an amulet of the gourmand (around neck)
 z - an uncursed ring of protection from fire
Wands
 n - a wand of digging (17)
Scrolls
 b - 2 scrolls of teleportation
 q - a scroll of amnesia
 w - 5 scrolls of remove curse
 x - a scroll of noise {unknown}
 y - 3 scrolls of identify
 A - a scroll of fog
 B - a scroll of silence {unknown}
Potions
 d - 4 potions of curing {unknown}
 e - a potion of lignification {unknown}
 i - a potion of cancellation {unknown}
 j - 2 potions of degeneration {unknown}
 l - 3 potions of agility
 m - 2 potions of brilliance {unknown}
 o - a potion of invisibility {unknown}
 p - a potion of ambrosia {unknown}
 s - 2 potions of mutation {unknown}
 t - a potion of resistance {unknown}
 u - a potion of heal wounds
Comestibles
 c - 12 rations


   Skills:
 + Level 4.1 Dodging
 + Level 4.4 Stealth
 + Level 10.2 Spellcasting
 + Level 9.2 Conjurations


You had 16 spell levels left.
You knew the following spells:

 Your Spells              Type           Power        Failure   Level  Hunger
a - Magic Dart            Conj           ####         1%          1    None
b - Searing Ray           Conj           ######       1%          2    None
c - Iskenderun's Mystic   Conj           ######..     1%          4    #......
d - Fulminant Prism       Conj/Hex       ####......   9%          4    #......

Your spell library contained the following spells:

 Spells                   Type           Power        Failure   Level  Hunger
 Dazzling Spray           Conj/Hex       ####..       2%          3    None
 Force Lance              Conj/Tloc      ####....     9%          4    #......


Dungeon Overview and Level Annotations

Branches:
Dungeon (7/15)             Temple (1/1) D:6

Altars:
Fedhas
Makhleb
Nemelex Xobeh
Ru
Sif Muna
Trog
Uskayaw
Vehumet
Wu Jian
Xom
Zin
The Shining One

Shops:
D:4 (   D:5 %

Annotations:
D:7 Harold


Message History

The searing ray hits Harold.
Harold is heavily wounded.
The searing ray hits Harold.
Harold is severely wounded.
Harold hits you but does no damage.
The searing ray hits Harold.
Harold is severely wounded.
You finish channeling your searing ray.
Harold hits you from afar with an enchanted trident.
* * * LOW HITPOINT WARNING * * *
Casting: Searing Ray (safe; 1% risk of failure)
Confirm with . or Enter, or press ? or * to list all spells.
Aiming: Searing Ray (safe; 1% risk of failure)
Press: ? - help, Shift-Dir - straight line, f/p - Harold
Aim: Harold, wielding an enchanted trident and wearing a scale mail (severely The searing ray hits Harold.
Harold is severely wounded. (Press . to maintain the ray.) Harold hits you from afar with an enchanted trident!
You die...

.... ....+ .(. ....
#>. ...#
###..###...###
#............#
#......@.....#
#............#
#.....@......#
#............#
#............#
#............#
############'######
#.................#
#.................#
#...>.............+
#.................#


You could see Harold.

Vanquished Creatures
  2 ice beasts
  A black bear (D:6)
  A phantom (D:5)
  A sky beast (D:6)
  2 ogres
  A centaur (D:6)
  A bullfrog (D:6)
  3 scorpions
  A howler monkey (D:6)
  A crimson imp (D:6)
  A bullfrog zombie (D:5)
  A centaur zombie (D:7)
  A centaur skeleton (D:4)
  An orc priest (D:5)
  3 hounds
  5 orc wizards
  4 worker ants
  Terence (D:3)
  2 worker ant zombies
  14 adders
  A shadow imp (D:5)
  An adder zombie (D:6)
  3 worms
  3 dart slugs
  5 leopard geckos
  12 orcs
  10 bats
  6 giant cockroaches
  15 goblins
  5 hobgoblins
  8 jackals
  5 quokkas
  4 ball pythons
  9 frilled lizards
  9 kobolds
  4 rats
147 creatures vanquished.

Vanquished Creatures (others)
  6 fulminant prisms
  A plant (D:1)
7 creatures vanquished.

Grand Total: 154 creatures vanquished

Notes
Turn   | Place    | Note
-------+----------+-------------------------------------------
     0 | D:1      | infcreate the Deep Elf Conjurer began the quest for the
                  | Orb.
     0 | D:1      | Reached XP level 1. HP: 10/10 MP: 6/6
   229 | D:1      | Reached XP level 2. HP: 15/15 MP: 2/8
   321 | D:1      | Learned a level 2 spell: Searing Ray
   322 | D:1      | Reached skill level 5 in Conjurations
   614 | D:1      | Reached XP level 3. HP: 18/19 MP: 4/9
  1209 | D:2      | Found a deep blue altar of Sif Muna.
  1280 | D:2      | Reached XP level 4. HP: 15/24 MP: 0/11
  1814 | D:2      | Found a shimmering altar of Xom.
  1967 | D:2      | Reached skill level 4 in Spellcasting
  2228 | D:3      | Noticed Terence
  2322 | D:3      | Killed Terence
  2322 | D:3      | Reached XP level 5. HP: 28/28 MP: 5/13
  2622 | D:3      | Reached skill level 5 in Spellcasting
  2639 | D:3      | Learned a level 4 spell: Iskenderun's Mystic Blast
  2644 | D:3      | Learned a level 4 spell: Fulminant Prism
  3242 | D:4      | Found Deakorur's Antique Weapon Emporium.
  3246 | D:4      | Noticed an ogre
  3265 | D:3      | Reached XP level 6. HP: 32/32 MP: 0/16
  3413 | D:4      | Reached skill level 6 in Spellcasting
  4211 | D:4      | Reached skill level 7 in Spellcasting
  4211 | D:4      | Reached XP level 7. HP: 36/36 MP: 7/19
  4625 | D:5      | Entered Level 5 of the Dungeon
  4716 | D:4      | Reached skill level 8 in Spellcasting
  5204 | D:5      | Found Mampufra's Food Shop.
  5247 | D:5      | Reached XP level 8. HP: 41/41 MP: 9/22
  5563 | D:6      | Found a staircase to the Ecumenical Temple.
  5577 | D:6      | Reached skill level 9 in Spellcasting
  5711 | Temple   | Entered the Ecumenical Temple
  5723 | Temple   | Became a worshipper of Vehumet
  6114 | D:6      | Found an ornate altar of the Wu Jian Council.
  6553 | D:6      | Reached skill level 10 in Spellcasting
  6970 | D:7      | Noticed Harold
  6989 | D:7      | Mangled by Harold

Skill      XL: |  1  2  3  4  5  6  7  8 |
---------------+-------------------------+-----
Conjurations   | 5 6 7 8 9 |  9.2
Stealth        | 3 4 |  4.4
Spellcasting   | 4 5 7 8 10 | 10.2
Dodging        | 3 4 |  4.1

Action                   |  1- 3 |  4- 6 |  7- 9 || total
-------------------------+-------+-------+-------++-------
 Cast: Magic Dart        |    76 |   132 |    75 ||   283
       Searing Ray       |     2 |    11 |    15 ||    28
       Fulminant Prism   |       |     5 |     1 ||     6
       Iskenderun's Myst |       |     5 |    35 ||    40
  Use: Scroll            |     3 |     7 |     2 ||    12
  Eat: Chunk             |     1 |    10 |    11 ||    22
Armor: Robe              |     2 |     4 |     7 ||    13
Dodge: Dodged            |     9 |    20 |    22 ||    51
